[Event "Titled Tuesday Blitz July 11 Early 2023"]
[White "Zavgorodniy, Sergiy"]
[Black "Llorente Zaro, Alfonso"]
[WhiteFideId "14110148"]
[BlackFideId "2254131"]
[WhiteElo "2592"]
[BlackElo "2778"]
[Result "1-0"]
[Round "9"]
[TimeControl "180+2"]
[Date "2023.07.11"]
[WhiteClock "0:02:54"]
[BlackClock "0:02:21"]
[Board "33"]

1. e4 Nc6 2. Nf3 d5 3. exd5 Qd6 4. dxc6 Qxc6 5. Be2 Nf6 6. O-O g6 7. d4 Bg7 8. c3 O-O 9. Re1 b6 10. Ne5 Qe8 11. Bf3 Rb8 12. Nc6 1-0


[Site "https://www.chess.com"]

[Event "Titled Tuesday Blitz July 11 Early 2023"]
[White "Kozak, Antoni"]
[Black "Gontcharov, Vladislav"]
[WhiteFideId "21832030"]
[BlackFideId "4123492"]
[WhiteElo "2769"]
[BlackElo "2585"]
[Result "1-0"]
[Round "9"]
[TimeControl "180+2"]
[Date "2023.07.11"]
[WhiteClock "0:00:13"]
[BlackClock "0:00:14"]
[Board "34"]

1. Nf3 Nf6 2. g3 c5 3. Bg2 Nc6 4. O-O d6 5. d4 cxd4 6. Nxd4 Bd7 7. c4 g6 8. Nc3 Bg7 9. Nc2 O-O 10. b3 Qa5 11. Bd2 Qh5 12. e3 Qxd1 13. Raxd1 Rfc8 14. h3 Rab8 15. a4 a6 16. Rb1 Bf5 17. e4 Be6 18. Rfc1 Nd7 19. Nd5 Bxd5 20. exd5 Nd4 21. Nxd4 Bxd4 22. Bf1 f6 23. Kg2 Kf7 24. Be2 h5 25. Re1 b6 26. Bf1 a5 27. Bd3 Ne5 28. Bc2 Bc5 29. f4 Nd7 30. Re2 Bb4 31. Bc1 Rg8 32. Rb2 Ba3 33. Rb1 Bxc1 34. Rxc1 Nc5 35. Rce1 Rbe8 36. g4 hxg4 37. hxg4 Rh8 38. Kg3 Rh7 39. Re3 Rg7 40. Rh1 e5 41. dxe6+ Rxe6 42. Rxe6 Kxe6 43. Bxg6 Nxb3 44. Rb1 Nd4 45. f5+ Ke5 46. Rxb6 Rc7 47. Ra6 Rxc4 48. Rxa5+ Ke4 49. g5 Rc3+ 50. Kg4 Nf3 51. gxf6 Ne5+ 52. Kg5 Rc7 53. f7 Nxf7+ 54. Bxf7 Rxf7 55. f6 d5 56. Kg6 Rf8 57. f7 Rd8 58. Kg7 d4 59. f8=Q Rxf8 60. Kxf8 d3 61. Ra8 Kd4 62. Rd8+ Kc3 63. a5 Kb4 64. a6 Ka5 65. Rxd3 Kxa6 66. Re3 Kb5 67. Re6 Kc5 68. Ke7 Kd5 69. Kd7 Kd4 70. Kd6 Kc4 71. Re4+ 1-0


[Site "https://www.chess.com"]

[Event "Titled Tuesday Blitz July 11 Early 2023"]
[White "ArtemDyachuk"]
[Black "Preotu, Razvan"]
[BlackFideId "2613280"]
[WhiteElo "2583"]
[BlackElo "2750"]
[Result "1-0"]
[Round "9"]
[TimeControl "180+2"]
[Date "2023.07.11"]
[WhiteClock "0:00:11"]
[BlackClock "0:00:00"]
[Board "35"]

1. e4 c5 2. Nf3 d6 3. d4 cxd4 4. Nxd4 Nf6 5. Nc3 a6 6. h3 e5 7. Nde2 h5 8. g3 Be7 9. Bg2 b5 10. Be3 Bb7 11. Qd3 Nbd7 12. O-O-O Rc8 13. f4 Qc7 14. Nd5 Nxd5 15. exd5 Qc4 16. Qxc4 Rxc4 17. a3 g6 18. Nc3 f5 19. Rhe1 Bf6 20. Bf1 Rc8 21. fxe5 dxe5 22. d6 Kf7 23. a4 bxa4 24. Nd5 g5 25. Nc7 f4 26. Bc4+ Kg6 27. Be6 Rcd8 28. gxf4 exf4 29. Bd4 Bxd4 30. Rxd4 Nf6 31. Re5 f3 32. Bf5+ Kh6 33. Re6 Rhf8 34. Re7 f2 35. Bd3 Bg2 36. Ne6 f1=Q+ 37. Bxf1 Bxf1 38. Nxf8 Rxf8 39. d7 Rd8 40. Rd6 Kg6 41. Ree6 Rxd7 42. Rxd7 Kf5 43. Red6 Bb5 44. Rf7 1-0


[Site "https://www.chess.com"]

[Event "Titled Tuesday Blitz July 11 Early 2023"]
[White "Geivondian, Arman"]
[Black "Xu, Yi"]
[WhiteFideId "24102032"]
[BlackFideId "8605564"]
[WhiteElo "2577"]
[BlackElo "2727"]
[Result "1-0"]
[Round "9"]
[TimeControl "180+2"]
[Date "2023.07.11"]
[WhiteClock "0:00:23"]
[BlackClock "0:00:06"]
[Board "36"]

1. e4 c5 2. Nf3 Nc6 3. Bb5 Na5 4. O-O a6 5. Be2 e6 6. c3 d5 7. exd5 exd5 8. d4 c4 9. Re1 Be7 10. Ne5 Nf6 11. Nd2 O-O 12. b3 b5 13. a4 Be6 14. axb5 axb5 15. b4 Nb7 16. Nc6 Rxa1 17. Nxd8 Rxd8 18. Nf3 Nd6 19. Ne5 Rda8 20. f3 R8a2 21. Bf1 Rb1 22. g4 Bf8 23. h4 Nd7 24. Nxd7 Bxd7 25. Re2 Raa1 26. Re1 Rxc1 27. Qxc1 Rxc1 28. Rxc1 Nc8 29. Kf2 Nb6 30. Be2 Bd6 31. Ke3 Na4 32. Bd1 f6 33. Bxa4 bxa4 34. f4 Bxg4 35. b5 a3 36. b6 Bd7 37. b7 Ba4 38. Ra1 Bc6 39. Rxa3 Kf7 40. Ra6 Bxb7 41. Rxd6 Ke7 42. Rb6 Bc8 43. Rc6 Bd7 44. Ra6 g6 45. Kf3 h5 46. Ra7 Kd6 47. Ra8 Ke6 48. Rh8 Ba4 49. Rh7 Bc2 50. Ra7 Kf5 51. Re7 Be4+ 52. Ke3 Bc2 53. Rd7 Be4 54. Re7 Bh1 55. Rg7 Bg2 56. Kf2 Be4 57. Kg3 Bc2 58. Re7 Be4 59. Re8 Bh1 60. Re1 Be4 61. Ra1 g5 62. fxg5 fxg5 63. Rf1+ Kg6 64. Rf8 gxh4+ 65. Kxh4 Bd3 66. Rf2 Be4 67. Rf4 Bd3 68. Rf8 Be2 69. Re8 Bf3 70. Re5 Kf6 71. Kg3 Be4 72. Rxh5 Bg6 73. Re5 Bf7 74. Kf4 Be6 75. Rh5 Bf7 76. Rh6+ Bg6 77. Rxg6+ Kxg6 78. Ke5 Kf7 79. Kxd5 Ke7 80. Kxc4 Kd6 81. Kd3 Kd5 82. c4+ 1-0


[Site "https://www.chess.com"]

[Event "Titled Tuesday Blitz July 11 Early 2023"]
[White "Rodchenkov, Sergey D."]
[Black "Wagner, Dennis"]
[WhiteFideId "4168712"]
[BlackFideId "24650684"]
[WhiteElo "2575"]
[BlackElo "2722"]
[Result "1-0"]
[Round "9"]
[TimeControl "180+2"]
[Date "2023.07.11"]
[WhiteClock "0:00:11"]
[BlackClock "0:00:16"]
[Board "37"]

1. e4 c5 2. Nf3 d6 3. d4 cxd4 4. Nxd4 Nf6 5. Nc3 a6 6. Be3 e5 7. Nb3 Be7 8. f3 Be6 9. Qd2 h5 10. Nd5 Nxd5 11. exd5 Bf5 12. Na5 Nd7 13. Be2 Bh4+ 14. g3 Be7 15. O-O Qc7 16. c4 Bg6 17. b4 O-O 18. Rac1 f5 19. f4 Rae8 20. c5 dxc5 21. d6 Qxd6 22. Qxd6 Bxd6 23. Rfd1 exf4 24. Rxd6 Rxe3 25. Bc4+ Kh7 26. Rxd7 b5 27. Bd5 fxg3 28. hxg3 cxb4 29. Rcc7 Rxg3+ 30. Kf2 f4 31. Rxg7+ Kh6 32. Nc6 Re8 33. Nd4 h4 34. Ne6 h3 35. Nxf4 Rg4 36. Nxg6 Rxg6 37. Rxg6+ Kxg6 38. Bf7+ Kf5 39. Bxe8 h2 40. Bc6 Ke5 41. Rh7 Kd6 42. Bf3 Kc5 43. Rxh2 Kb6 44. Ke2 Ka5 45. Kd2 Ka4 46. Kc2 Ka3 47. Kb1 a5 48. Bc6 Ka4 49. Kb2 b3 50. axb3+ Kb4 51. Rh4+ Kc5 52. Bxb5 Kxb5 53. Ka3 Ka6 54. Rh5 Kb6 55. Ka4 Kc6 56. Kxa5 Kb7 57. b4 Ka7 58. Rh6 1-0


[Site "https://www.chess.com"]

[Event "Titled Tuesday Blitz July 11 Early 2023"]
[White "Horobetz, Graham"]
[Black "Gunina, Valentina"]
[WhiteFideId "2047322"]
[BlackFideId "4167570"]
[WhiteElo "2571"]
[BlackElo "2719"]
[Result "0-1"]
[Round "9"]
[TimeControl "180+2"]
[Date "2023.07.11"]
[WhiteClock "0:00:17"]
[BlackClock "0:02:30"]
[Board "38"]

1. e4 c6 2. d4 d5 3. Nc3 dxe4 4. Nxe4 Nf6 5. Nxf6+ exf6 6. c3 Bd6 7. Bd3 O-O 8. Qc2 Re8+ 9. Ne2 h5 10. O-O Nd7 11. Bd2 Nf8 12. Rae1 g6 13. h3 Be6 14. f4 f5 15. c4 Rc8 16. b4 Nh7 17. Qb2 Nf6 18. d5 cxd5 19. c5 Bc7 20. Bc3 Ne4 21. Bxe4 fxe4 22. Bf6 Qd7 23. Bh8 f5 24. Be5 Qf7 25. Bxc7 Rxc7 26. Nd4 Bd7 27. h4 Rec8 28. Rc1 Qf6 29. Qd2 Qxh4 30. b5 Qf6 31. Qb4 Be8 32. Rc3 a5 33. Qa3 Qxd4+ 0-1


[Site "https://www.chess.com"]

[Event "Titled Tuesday Blitz July 11 Early 2023"]
[White "Ganiev, Roman"]
[Black "Goryachkina, Aleksandra"]
[WhiteFideId "4131452"]
[BlackFideId "4147103"]
[WhiteElo "2571"]
[BlackElo "2715"]
[Result "1-0"]
[Round "9"]
[TimeControl "180+2"]
[Date "2023.07.11"]
[WhiteClock "0:00:09"]
[BlackClock "0:00:12"]
[Board "39"]

1. e4 c5 2. Nf3 e6 3. d4 cxd4 4. Nxd4 Nc6 5. Nc3 Qc7 6. Be3 a6 7. Qd2 Nf6 8. f4 Bb4 9. Bd3 b5 10. a3 Ba5 11. b4 Bb6 12. Nde2 d6 13. Bxb5 Bxe3 14. Bxc6+ Qxc6 15. Qxe3 Bb7 16. Rd1 Rc8 17. Rd2 O-O 18. O-O Nxe4 19. Nxe4 Qxe4 20. Qxe4 Bxe4 21. Nd4 Rc4 22. Nb3 Rxc2 23. Rxc2 Bxc2 24. Nd4 Bd3 25. Rc1 g6 26. Kf2 e5 27. fxe5 dxe5 28. Nc6 Re8 29. Ke3 Bb5 30. Na5 f5 31. g3 Rd8 32. Rc3 Kf7 33. Nb7 g5 34. Nxd8+ Ke7 35. Nb7 Ke6 36. Nc5+ Kd5 37. Rc1 Bc6 38. Rd1+ Kc4 39. Rd6 f4+ 40. Kf2 Bd5 41. Rxa6 e4 42. Nxe4 Bxe4 43. Ra5 h6 44. gxf4 gxf4 45. Re5 Bb7 46. b5 Kb3 47. b6 Kxa3 48. Re7 1-0


[Site "https://www.chess.com"]

[Event "Titled Tuesday Blitz July 11 Early 2023"]
[White "De La Villa Garcia, Jesus Maria"]
[Black "Dinosaurio_1975"]
[WhiteFideId "2200040"]
[WhiteElo "2713"]
[BlackElo "2569"]
[Result "0-1"]
[Round "9"]
[TimeControl "180+2"]
[Date "2023.07.11"]
[WhiteClock "0:00:00"]
[BlackClock "0:00:02"]
[Board "40"]

1. d4 d5 2. Nf3 e6 3. e3 Nf6 4. Bd3 Be7 5. Nbd2 O-O 6. O-O b6 7. e4 dxe4 8. Nxe4 Bb7 9. Qe2 Nbd7 10. c3 Nxe4 11. Bxe4 Bxe4 12. Qxe4 Nf6 13. Qe2 h6 14. Bf4 Nd5 15. Bg3 c5 16. Rad1 cxd4 17. Nxd4 Qc8 18. Rfe1 Rd8 19. h3 Bf6 20. Rd3 Qb7 21. Red1 Ne7 22. Qg4 Rd5 23. Nxe6 Rxd3 24. Rxd3 fxe6 25. Qxe6+ Kh8 26. Rd7 Qc8 27. Rxe7 Bxe7 28. Qxe7 Qd8 29. Qe2 Qd5 30. Be5 Kg8 31. Bd4 Rf8 32. Qe7 Rf7 33. Qe8+ Kh7 34. Qe3 Rd7 35. a3 Rf7 36. Qd3+ Qf5 37. Qf1 Qd5 38. Qd1 Qe4 39. Qd2 Qb1+ 40. Kh2 Qe4 41. g3 Qf3 42. Qc2+ Qf5 43. Qe2 Qf3 44. Qe6 Qf5 45. Qe8 Qf3 46. h4 Qf5 47. Qc6 Qd7 48. Qe4+ Qf5 49. Qe2 Qd5 50. Qd2 Qf5 51. b4 Qf3 52. a4 Qd5 53. Qc2+ Qf5 54. Qa2 Rd7 55. a5 b5 56. Qe2 a6 57. Kg1 Rc7 58. Qe8 Rd7 59. Qc8 Qe6 60. Qc5 Qe1+ 61. Kh2 Qe6 62. Qc8 Kg6 63. Qh8 Qf7 64. Qa8 Qe6 65. Qf3 Kh7 66. h5 Rc7 67. Qd3+ Kg8 68. Qf3 Rf7 69. Qa8+ Kh7 70. Kg2 Qf5 71. Qxa6 Qd5+ 72. Kg1 Qxh5 73. Qe6 Qd1+ 74. Kh2 Qh5+ 75. Kg2 Qf3+ 76. Kh2 Qh5+ 77. Qh3 Qf3 78. a6 Qe2 79. a7 Rxf2+ 80. Bxf2 Qxf2+ 81. Qg2 Qxa7 82. Qe4+ g6 83. Kg2 Qa2+ 84. Kf3 Qf7+ 85. Ke3 Qc7 86. Kd4 Qc4+ 87. Ke5 Qxc3+ 88. Ke6 Qb3+ 89. Ke7 Qxg3 90. Qb7 Qe5+ 91. Kf8+ Kh8 92. Qf7 Qd6+ 93. Ke8 Qe5+ 94. Kd7 Qd4+ 95. Kc6 Qe4+ 96. Kc5 Qf5+ 97. Kb6 Qxf7 0-1


[Site "https://www.chess.com"]

[Event "Titled Tuesday Blitz July 11 Early 2023"]
[White "Kuzmin, Roman"]
[Black "Petrosian, Karlen"]
[WhiteFideId "44134932"]
[BlackFideId "4176146"]
[WhiteElo "2566"]
[BlackElo "2706"]
[Result "0-1"]
[Round "9"]
[TimeControl "180+2"]
[Date "2023.07.11"]
[WhiteClock "0:00:00"]
[BlackClock "0:00:09"]
[Board "41"]

1. e4 e6 2. d4 d5 3. Nc3 Nf6 4. Bg5 dxe4 5. Nxe4 Be7 6. Bxf6 gxf6 7. Qd2 f5 8. Nc3 Bf6 9. Nf3 a6 10. O-O-O b5 11. Qh6 b4 12. Na4 Bb7 13. Kb1 Nd7 14. Bc4 Qe7 15. d5 e5 16. Rhe1 e4 17. Nd4 Bxd4 18. Rxd4 Qf6 19. Qxf6 Nxf6 20. Nc5 O-O-O 21. Red1 Rd6 22. Bb3 a5 23. c4 bxc3 24. bxc3 Rhd8 25. c4 Rb6 26. Kc2 Ba8 27. Na4 Rb4 28. a3 Rb8 29. Nc3 Nd7 30. Na4 c5 31. dxc6 Bxc6 32. c5 Kc7 33. Bxf7 Bxa4+ 34. Rxa4 Nxc5 35. Rxd8 Rxd8 36. Rxa5 Kb6 37. Rxc5 Kxc5 38. Be6 f4 39. g3 f3 40. Bg4 Kd4 41. a4 Rc8+ 42. Kd2 Rc4 43. Bd7 Rb4 44. a5 Rb2+ 45. Kc1 Ra2 0-1


[Site "https://www.chess.com"]

[Event "Titled Tuesday Blitz July 11 Early 2023"]
[White "djokovic74"]
[Black "Shvedova, Alexandra"]
[BlackFideId "54154782"]
[WhiteElo "2703"]
[BlackElo "2538"]
[Result "1/2-1/2"]
[Round "9"]
[TimeControl "180+2"]
[Date "2023.07.11"]
[WhiteClock "0:00:21"]
[BlackClock "0:00:36"]
[Board "42"]

1. e4 c5 2. Nf3 d6 3. d4 cxd4 4. Nxd4 Nf6 5. Nc3 a6 6. Be2 e5 7. Nb3 Be7 8. O-O O-O 9. Kh1 b5 10. a4 b4 11. Nd5 Nc6 12. Nxf6+ Bxf6 13. Be3 Bb7 14. Qd2 Re8 15. Rfd1 Nd4 16. f3 Nxe2 17. Qxe2 Qc7 18. a5 Rac8 19. Rd2 Qb8 20. Bb6 Bd8 21. Be3 Be7 22. Rad1 h6 23. Bb6 Qa8 24. Kg1 Bc6 25. Qe1 Qb7 26. Rxd6 Bxd6 27. Rxd6 Bb5 28. Nc5 Qe7 29. Qd2 Kh7 30. b3 Qg5 31. Qxg5 hxg5 32. Kf2 Re7 33. Ke1 f6 34. Kd2 Kg6 35. h3 Kf7 36. Rd5 g6 37. Rd6 f5 38. Ke3 f4+ 39. Kf2 Rb8 40. Ke1 Rc8 41. Kf2 Rb8 42. Bd8 Re8 43. Bb6 Re7 1/2-1/2


[Site "https://www.chess.com"]

[Event "Titled Tuesday Blitz July 11 Early 2023"]
[White "Leon Oquendo, Jorge"]
[Black "Timerkhanov, Alexander"]
[WhiteFideId "3514803"]
[BlackFideId "24177938"]
[WhiteElo "2566"]
[BlackElo "2702"]
[Result "1-0"]
[Round "9"]
[TimeControl "180+2"]
[Date "2023.07.11"]
[WhiteClock "0:00:20"]
[BlackClock "0:00:00"]
[Board "43"]

1. d4 d5 2. c4 e6 3. Nc3 h6 4. cxd5 exd5 5. Bf4 Nf6 6. e3 Bd6 7. Bxd6 Qxd6 8. Bd3 c6 9. Nge2 O-O 10. Qd2 Re8 11. f3 a6 12. O-O c5 13. dxc5 Qxc5 14. Nd4 Nc6 15. Nce2 Qe7 16. Kf2 Bd7 17. Nxc6 bxc6 18. b4 Qd6 19. h3 Re7 20. Ng3 a5 21. a3 axb4 22. axb4 Rae8 23. Rfe1 g6 24. Qc3 Re6 25. Qd4 Rb8 26. Rab1 Nh7 27. Rec1 Re7 28. Rc5 Ng5 29. Rcc1 Ne6 30. Ne4 Qh2 31. Nf6+ Kh8 32. Qh4 Kg7 33. Ng4 1-0


[Site "https://www.chess.com"]

[Event "Titled Tuesday Blitz July 11 Early 2023"]
[White "brm72"]
[Black "Schwabeneder, Florian"]
[BlackFideId "1626191"]
[WhiteElo "2536"]
[BlackElo "2699"]
[Result "1/2-1/2"]
[Round "9"]
[TimeControl "180+2"]
[Date "2023.07.11"]
[WhiteClock "0:00:07"]
[BlackClock "0:00:11"]
[Board "44"]

1. e4 c5 2. Nf3 d6 3. d4 cxd4 4. Nxd4 Nf6 5. Nc3 Nc6 6. Bg5 e6 7. f3 a6 8. Qd2 Qb6 9. Nb3 Qc7 10. O-O-O b5 11. Kb1 b4 12. Ne2 Be7 13. Ned4 Rb8 14. Nxc6 Qxc6 15. Nd4 Qc7 16. g4 h6 17. Be3 h5 18. g5 Nd7 19. g6 Ne5 20. gxf7+ Kxf7 21. f4 Nc4 22. Bxc4 Qxc4 23. b3 Qc3 24. Qxc3 bxc3 25. f5 exf5 26. Nxf5 Bxf5 27. exf5 Rb5 28. Bd4 Rxf5 29. Bxc3 Rc8 30. Rhf1 g6 31. Bd4 Rf8 32. Rxf5+ gxf5 33. c4 Rg8 34. Rg1 Rg4 35. Bb6 Ke6 36. Kc2 f4 37. Kd3 Kf5 38. h3 Rxg1 39. Bxg1 Bg5 40. Ba7 f3 41. Bb8 Bf4 42. b4 d5 43. Bxf4 dxc4+ 44. Ke3 f2 45. Kxf2 Kxf4 46. a4 Ke4 47. Ke2 Kd4 48. Kd2 c3+ 49. Kc2 Kc4 50. b5 axb5 51. axb5 Kxb5 52. Kxc3 Kc5 53. Kd3 Kd5 54. Ke3 Ke5 55. Kf3 Kf5 56. h4 Ke5 57. Ke3 Kf5 58. Kf3 Ke5 59. Ke3 Kf5 60. Kf3 1/2-1/2


[Site "https://www.chess.com"]

[Event "Titled Tuesday Blitz July 11 Early 2023"]
[White "only_strong_moves"]
[Black "Jaracz, Pawel"]
[BlackFideId "1102222"]
[WhiteElo "2533"]
[BlackElo "2696"]
[Result "0-1"]
[Round "9"]
[TimeControl "180+2"]
[Date "2023.07.11"]
[WhiteClock "0:00:08"]
[BlackClock "0:00:22"]
[Board "45"]

1. d4 d5 2. Nc3 c6 3. Bf4 Qb6 4. Na4 Qa5+ 5. c3 Bf5 6. b4 Qd8 7. Nf3 Nd7 8. e3 Ngf6 9. Ne5 Ne4 10. f3 Nd6 11. g4 Bg6 12. h4 f6 13. Nxg6 hxg6 14. Bd3 Kf7 15. Qc2 g5 16. Bg6+ Kg8 17. Bxd6 exd6 18. O-O-O gxh4 19. e4 b5 20. Nb2 Rh6 21. exd5 cxd5 22. Bd3 Nb6 23. Bxb5 a5 24. a3 axb4 25. axb4 Qc8 26. Kb1 Ra3 27. c4 Qa8 28. Qf5 dxc4 29. g5 fxg5 30. Kc2 Rxf3 31. Qxg5 Qe4+ 32. Kc1 Rc3+ 0-1


[Site "https://www.chess.com"]

[Event "Titled Tuesday Blitz July 11 Early 2023"]
[White "Moskvin, Anatoly"]
[Black "Begmuratov, Alisher"]
[WhiteFideId "24199990"]
[BlackFideId "14203367"]
[WhiteElo "2533"]
[BlackElo "2668"]
[Result "0-1"]
[Round "9"]
[TimeControl "180+2"]
[Date "2023.07.11"]
[WhiteClock "0:00:00"]
[BlackClock "0:00:54"]
[Board "46"]

1. e4 c6 2. c4 d5 3. exd5 cxd5 4. cxd5 Nf6 5. Nc3 Nxd5 6. Nf3 Nc6 7. Bb5 e6 8. O-O Be7 9. d4 O-O 10. Re1 Nxc3 11. bxc3 Bd7 12. Bd3 Rc8 13. Qe2 Bf6 14. h4 Na5 15. Bd2 Bc6 16. Ng5 g6 17. Rab1 a6 18. Qg4 h5 19. Qg3 b5 20. Nxe6 Qd7 21. Nf4 Nc4 22. Bc1 Bg7 23. a4 Rfe8 24. Rf1 Qg4 25. Qxg4 hxg4 26. axb5 axb5 27. Bxc4 bxc4 28. Ba3 Bh6 29. Bd6 Rcd8 30. Be5 Rxe5 31. dxe5 Bxf4 32. Rfe1 g3 33. Rb6 Rd2 34. fxg3 Bxg3 35. Ra1 Bf2+ 36. Kf1 Bxb6 0-1


[Site "https://www.chess.com"]

[Event "Titled Tuesday Blitz July 11 Early 2023"]
[White "FromTexas54"]
[Black "Komov, Roman"]
[BlackFideId "24175714"]
[WhiteElo "2528"]
[BlackElo "2660"]
[Result "1/2-1/2"]
[Round "9"]
[TimeControl "180+2"]
[Date "2023.07.11"]
[WhiteClock "0:01:25"]
[BlackClock "0:01:01"]
[Board "47"]

1. d4 Nf6 2. c4 e6 3. Nf3 d5 4. Nc3 Bb4 5. cxd5 exd5 6. Bg5 Nbd7 7. e3 c5 8. Bd3 c4 9. Bc2 Qa5 10. O-O Bxc3 11. bxc3 Qxc3 12. Rc1 Qa5 13. Ne5 O-O 14. Nxd7 Nxd7 15. Qh5 g6 16. Qh6 Re8 17. h4 Qa3 18. h5 Qf8 19. hxg6 hxg6 20. Qh4 Qg7 21. f3 b5 22. Kf2 Bb7 23. Rh1 Re6 24. Bh6 Qh8 25. Qg3 Rae8 26. Bg5 Qg7 27. Bh6 Qh8 28. Bg5 Qg7 29. Bh6 Qf6 30. Bg5 Qg7 1/2-1/2


[Site "https://www.chess.com"]

[Event "Titled Tuesday Blitz July 11 Early 2023"]
[White "Santos Flores, Alberto"]
[Black "Haug, Havard"]
[WhiteFideId "3601234"]
[BlackFideId "1547887"]
[WhiteElo "2522"]
[BlackElo "2645"]
[Result "0-1"]
[Round "9"]
[TimeControl "180+2"]
[Date "2023.07.11"]
[WhiteClock "0:00:59"]
[BlackClock "0:01:07"]
[Board "48"]

1. e4 c6 2. c4 d5 3. cxd5 cxd5 4. exd5 Nf6 5. Qa4+ Bd7 6. Qb3 Na6 7. d4 g6 8. Nc3 Rb8 9. Bf4 Nc7 10. Bc4 Bg7 11. d6 Ne6 12. dxe7 Qxe7 13. Be5 Nxd4 0-1


[Site "https://www.chess.com"]

[Event "Titled Tuesday Blitz July 11 Early 2023"]
[White "lagarto93"]
[Black "Arabidze, Meri"]
[BlackFideId "13604040"]
[WhiteElo "2515"]
[BlackElo "2640"]
[Result "1-0"]
[Round "9"]
[TimeControl "180+2"]
[Date "2023.07.11"]
[WhiteClock "0:01:36"]
[BlackClock "0:00:05"]
[Board "49"]

1. d4 f5 2. c4 Nf6 3. Nc3 e6 4. e3 Bb4 5. Bd3 b6 6. Ne2 Bb7 7. f3 O-O 8. O-O d5 9. Qb3 Bd6 10. cxd5 Nxd5 11. e4 fxe4 12. fxe4 Bxh2+ 13. Kxh2 Rxf1 14. Bg5 Qxg5 15. Rxf1 Qh6+ 16. Kg1 Qe3+ 17. Rf2 Qxd3 18. Nxd5 Qb1+ 19. Rf1 Bxd5 20. Qf3 Qxf1+ 21. Kxf1 Bb7 22. Qg4 Nc6 23. Qxe6+ Kh8 24. Qd7 Rc8 25. e5 Nb8 26. Qg4 Rf8+ 27. Ke1 Bd5 28. Nf4 Bxa2 29. Nh5 g6 30. Nf6 Nc6 31. Qd7 1-0


[Site "https://www.chess.com"]

[Event "Titled Tuesday Blitz July 11 Early 2023"]
[White "Kleiman, Jake"]
[Black "Nefedov, Sergey"]
[WhiteFideId "2020041"]
[BlackFideId "24113417"]
[WhiteElo "2509"]
[BlackElo "2636"]
[Result "0-1"]
[Round "9"]
[TimeControl "180+2"]
[Date "2023.07.11"]
[WhiteClock "0:00:07"]
[BlackClock "0:00:08"]
[Board "50"]

1. e4 d5 2. exd5 Qxd5 3. Nc3 Qd8 4. d4 Nf6 5. Bc4 g6 6. Nf3 Bg7 7. h3 O-O 8. O-O a6 9. a4 Nc6 10. Re1 Bf5 11. Bf4 Nb4 12. Bb3 c6 13. Qd2 Nbd5 14. Bh6 Qd6 15. Bxg7 Kxg7 16. Ne5 Be6 17. a5 Rad8 18. Na4 Nc7 19. Nc5 Qxc5 20. Bxe6 Nxe6 21. c3 Qd6 22. b4 Nd5 23. g3 Nec7 24. Rad1 Nf6 25. Re2 Nd7 26. Ng4 h5 27. Qh6+ Kg8 28. Ne3 Nd5 29. Nc4 Qf6 30. Qd2 Rfe8 31. Rde1 Nf8 32. Ne5 Ne6 33. h4 Ng7 34. Nd3 Nf5 35. Nc5 Nd6 36. Qd3 e6 37. Re5 Ne7 38. R1e2 Nef5 39. Re1 Re7 40. R1e2 Qg7 41. Qd2 Nb5 42. R5e4 Nfd6 43. Rf4 Nc7 44. Qe1 Nd5 45. Rf3 Rde8 46. Kg2 e5 47. dxe5 Rxe5 48. Rxe5 Qxe5 49. Qd2 Ne4 50. Nxe4 Qxe4 51. Qg5 Re5 52. Qd8+ Kg7 53. Qd7 Rf5 0-1


[Site "https://www.chess.com"]

[Event "Titled Tuesday Blitz July 11 Early 2023"]
[White "Ovchinnikov, Vsevolod"]
[Black "AlivodicDario"]
[WhiteFideId "24176842"]
[WhiteElo "2621"]
[BlackElo "2508"]
[Result "1/2-1/2"]
[Round "9"]
[TimeControl "180+2"]
[Date "2023.07.11"]
[WhiteClock "0:00:05"]
[BlackClock "0:00:04"]
[Board "51"]

1. d4 d5 2. c4 e6 3. Nf3 c6 4. Nbd2 f5 5. g3 Nf6 6. Bg2 Bd6 7. O-O Nbd7 8. Rb1 O-O 9. b4 Ne4 10. Qc2 Qf6 11. b5 c5 12. cxd5 exd5 13. dxc5 Ndxc5 14. Bb2 Qe7 15. e3 b6 16. Nd4 Bb7 17. Rbe1 Rae8 18. N2b3 Nxb3 19. Nxb3 Bb4 20. Rc1 h5 21. Qc7 h4 22. Qxe7 Rxe7 23. Rc2 hxg3 24. hxg3 g5 25. Rfc1 f4 26. gxf4 gxf4 27. exf4 Rxf4 28. Bd4 Ref7 29. Rc7 Bd2 30. Rxf7 Rxf7 31. Rc2 Be1 32. Re2 Bb4 33. f3 Nc3 34. Re8+ Kh7 35. a3 Nxb5 36. axb4 Nxd4 37. Nxd4 a5 38. bxa5 bxa5 39. Re3 Rf4 40. Rd3 Ba6 41. Rd2 Bc4 42. Kf2 a4 43. Ke3 Rf6 44. Bh3 a3 45. Bf5+ Kg7 46. Bd3 Ra6 47. Bxc4 dxc4 48. Ra2 Kf6 49. Kd2 Ke5 50. Kc3 Kf4 51. Kxc4 Ra4+ 52. Kd3 Ra8 53. Kc4 Rc8+ 54. Kb3 Rb8+ 55. Kxa3 Ra8+ 56. Kb3 Rxa2 57. Kxa2 Ke3 58. Nb3 Kxf3 1/2-1/2


[Site "https://www.chess.com"]

[Event "Titled Tuesday Blitz July 11 Early 2023"]
[White "Womacka, Mathias"]
[Black "Souleidis, Georgios"]
[WhiteFideId "4611390"]
[BlackFideId "4206827"]
[WhiteElo "2504"]
[BlackElo "2615"]
[Result "1-0"]
[Round "9"]
[TimeControl "180+2"]
[Date "2023.07.11"]
[WhiteClock "0:02:35"]
[BlackClock "0:02:49"]
[Board "52"]

1. e4 c5 2. Nf3 e6 3. d4 cxd4 4. Nxd4 Nf6 5. Nc3 Nc6 6. Ndb5 Bc5 7. Bf4 O-O 8. Bc7 Qe7 9. Bd6 Bxd6 10. Qxd6 Qd8 11. Nc7 Rb8 12. Be2 b5 13. e5 b4 14. exf6 b3 1-0


[Site "https://www.chess.com"]

[Event "Titled Tuesday Blitz July 11 Early 2023"]
[White "Niekras, Dawid"]
[Black "gueraumasague"]
[WhiteFideId "1160451"]
[WhiteElo "2615"]
[BlackElo "2498"]
[Result "0-1"]
[Round "9"]
[TimeControl "180+2"]
[Date "2023.07.11"]
[WhiteClock "0:00:00"]
[BlackClock "0:00:20"]
[Board "53"]

1. e4 g6 2. d4 Bg7 3. Nc3 c6 4. h4 d5 5. h5 dxe4 6. Be3 Nh6 7. Nxe4 Nf5 8. Qd2 Nxe3 9. fxe3 Nd7 10. O-O-O Nf6 11. Nxf6+ Bxf6 12. Bc4 Bg4 13. Be2 Be6 14. Kb1 Qd5 15. c4 Qxg2 16. Nf3 Bxc4 17. Bxc4 Qxf3 18. Rdf1 Qe4+ 19. Ka1 g5 20. Qa5 Qxe3 21. Rxf6 b6 22. Qe1 Qxd4 0-1


[Site "https://www.chess.com"]

[Event "Titled Tuesday Blitz July 11 Early 2023"]
[White "Borgaonkar Akshay"]
[Black "arenal72"]
[WhiteFideId "25639110"]
[WhiteElo "2612"]
[BlackElo "2449"]
[Result "0-1"]
[Round "9"]
[TimeControl "180+2"]
[Date "2023.07.11"]
[WhiteClock "0:00:14"]
[BlackClock "0:00:59"]
[Board "54"]

1. e4 Nc6 2. Nf3 d6 3. d4 Nf6 4. Bd3 g6 5. c3 Bg7 6. h3 O-O 7. O-O e5 8. Nbd2 Qe7 9. Re1 a6 10. Nc4 b5 11. Ne3 exd4 12. cxd4 Bb7 13. Nd5 Qd7 14. Nxf6+ Bxf6 15. Be3 Bg7 16. Rc1 Rfe8 17. d5 Nb4 18. Bd4 Nxa2 19. Ra1 Nb4 20. Bxg7 Kxg7 21. Rc1 c5 22. dxc6 Nxc6 23. Bb1 Rad8 24. Ba2 Ne5 25. Nxe5 dxe5 26. Qb3 Qe7 27. Qc3 Rd4 28. f4 Rxe4 29. Rxe4 Bxe4 30. Re1 f5 31. fxe5 Qxe5 32. Qa5 Qd4+ 33. Kh2 Qf2 34. Qc7+ Kh6 35. Rg1 f4 36. Bf7 Qg3+ 37. Kh1 Qxh3# 0-1


[Site "https://www.chess.com"]

[Event "Titled Tuesday Blitz July 11 Early 2023"]
[White "Goswami, Vedant"]
[Black "Piesik, Piotr"]
[WhiteFideId "5003725"]
[BlackFideId "1136194"]
[WhiteElo "2413"]
[BlackElo "2609"]
[Result "1/2-1/2"]
[Round "9"]
[TimeControl "180+2"]
[Date "2023.07.11"]
[WhiteClock "0:00:08"]
[BlackClock "0:00:35"]
[Board "55"]

1. d4 c5 2. e3 Nf6 3. Nf3 d5 4. Be2 Nc6 5. O-O Bg4 6. Ne5 Bxe2 7. Qxe2 Nxe5 8. dxe5 Nd7 9. e6 fxe6 10. e4 Nf6 11. Nc3 d4 12. e5 dxc3 13. exf6 exf6 14. Qxe6+ Qe7 15. Qf5 Kf7 16. bxc3 Qe6 17. Qf3 Be7 18. Bf4 Qf5 19. Rfe1 Rhe8 20. g4 Qd7 21. Rad1 Qc8 22. h3 Kg8 23. Qd5+ Kh8 24. Qf7 Bf8 25. Rxe8 Qxe8 26. Qxb7 Rd8 27. Rxd8 Qxd8 28. Qxa7 h5 29. Qf7 hxg4 30. hxg4 Qd1+ 31. Kh2 Bd6 32. Qe8+ Kh7 33. Qh5+ Kg8 34. Qe8+ Kh7 35. Qe4+ Kh8 36. Bxd6 Qxd6+ 37. Kg2 Qd2 38. c4 Qa5 39. Qe8+ Kh7 40. a4 Qa7 41. Qe4+ Kh8 42. Qe8+ Kh7 43. Qh5+ Kg8 44. Qe8+ Kh7 1/2-1/2


[Site "https://www.chess.com"]